 Dungeon Crawl Stone Soup version 0.18.1-48-g4cf74bf (webtiles) character file.

1448 Alarkh the Quickloader (level 8, 56/56 HPs)
             Began as a Mummy Hunter on Sept 8, 2016.
             Was a Follower of Okawaru.
             Quit the game in a sewer.
             The game lasted 00:10:13 (6679 turns).

Alarkh the Quickloader (Mummy Hunter)               Turns: 6679, Time: 00:10:14

Health: 56/56      AC:  5    Str: 17    XL:     8   Next: 46%
Magic:  8/8        EV: 11    Int: 12    God:    Okawaru [*.....]
Gold:   233        SH:  0    Dex: 13    Spells: 0 memorised, 7 levels left

rFire  . . .     SeeInvis .     b - +2 quarterstaff (chaos)
rCold  . . .     Gourm    .     c - +0 leather armour
rNeg   + + +     Faith    .     (shield currently unavailable)
rPois  ∞         Spirit   .     g - +0 helmet
rElec  .         Dismiss  .     q - +0 cloak
rCorr  .         Reflect  .     (no gloves)
SustAt .         Harm     .     (no boots)
MR     +....                    (no amulet)
Stlth  +.........               r - ring of fire
                                o - +2 ring of strength

@: somewhat resistant to hostile enchantments, very unstealthy
A: no food or potions, fire vulnerability, cold resistance 1, negative energy
resistance 3, torment resistance, unbreathing
a: Heroism, Renounce Religion


You were in a sewer.
You worshipped Okawaru.
Okawaru was aware of your devotion.
You were not hungry.

You visited 1 branch of the dungeon, and saw 6 of its levels.
You also visited: Sewer.

You collected 233 gold pieces.

Inventory:

Hand Weapons
 a - a +1 hand crossbow
 b - a +2 quarterstaff of chaos (weapon)
 u - a +0 dagger of draining
Missiles
 d - 32 bolts
 j - a throwing net (quivered)
Armour
 c - a +0 leather armour (worn)
 g - a +0 helmet (worn)
 q - a +0 cloak (worn)
Jewellery
 o - a +2 ring of strength (left hand)
 r - a ring of fire (right hand)
Wands
 p - a wand of confusion (30/48)
Scrolls
 e - a scroll of identify
 f - 5 scrolls of teleportation
 h - 4 scrolls of remove curse
 i - 2 scrolls of fear
 k - a scroll of blinking {unknown}
 l - a scroll of fog
Books
 m - a Grand Grimoire

   Spells                             Type                      Level
   a - Monstrous Menagerie            Summoning                    7
   b - Summon Greater Demon           Summoning                    7
   c - Malign Gateway                 Summoning/Translocation      7
   d - Summon Horrible Things         Summoning                    8
 n - a Young Poisoner's Handbook

   Spells                             Type                      Level
   a - Sting                          Conjuration/Poison           1
   b - Cure Poison                    Poison                       2
   c - Mephitic Cloud                 Conjuration/Poison/Air       3
   d - Olgreb's Toxic Radiance        Poison                       4
   e - Venom Bolt                     Conjuration/Poison           5


   Skills:
 - Level 2.0 Fighting
 + Level 9.5 Crossbows
 - Level 1.5 Dodging
 - Level 0.7 Stealth


You had 7 spell levels left.
You didn't know any spells.

Dungeon Overview and Level Annotations

Branches:
Dungeon (6/15)             Temple (0/1) D:6

Altars:
Kikubaaqudgha
Okawaru


Innate Abilities, Weirdness & Mutations

You do not eat or drink.
Your flesh is vulnerable to fire.
You are immune to poison.
Your flesh is cold resistant.
You are immune to negative energy.
You are immune to unholy pain and torment.
You can survive without breathing.


Message History

Orders for allies: a - Attack new target. r - Retreat! s - Stop attacking. w - Wait here. f - Follow me.
Anything else - Stay silent.
You shout for attention!
What do you say? t - Shout!
Orders for allies: a - Attack new target. r - Retreat! s - Stop attacking. w - Wait here. f - Follow me.
Anything else - Stay silent.
You shout for attention!
What do you say? t - Shout!
Orders for allies: a - Attack new target. r - Retreat! s - Stop attacking. w - Wait here. f - Follow me.
Anything else - Stay silent.
You shout for attention!
Are you sure you want to abandon this character and quit the game? (Confirm with "yes".)

#≈## #≈≈####
#≈≈≈..## ####
##≈≈≈≈.####..#######
#..≈≈≈.≈≈..≈..≈≈≈≈≈
#...≈≈≈≈≈≈≈≈≈≈≈≈≈≈≈
#.#################
#.##........†..≈≈≈≈
#.@#..≈########.≈≈≈
#....≈≈# ##.≈#
######## ####


There were no monsters in sight!

Vanquished Creatures
  A sky beast (D:6)
  5 ogres
  A phantom (D:4)
  A centaur (D:5)
  A giant frog (D:6)
  2 scorpions
  A howler monkey (D:4)
  A crimson imp (D:4)
  A jelly (D:5)
  An orc priest (D:4)
  2 hounds
  Crazy Yiuf (D:5)
  2 giant frog skeletons
  Terence (D:3)
  An orc wizard (D:3)
  A siren (Sewer)
  A merfolk avatar (Sewer)
  A worker ant zombie (D:5)
  6 adders
  4 river rats (Sewer)
  An ooze (D:3)
  6 worms
  A dart slug (D:4)
  3 giant geckos
  10 orcs
  5 giant cockroaches
  10 goblins
  3 hobgoblins
  10 jackals
  4 quokkas
  5 ball pythons
  3 bats
  13 giant newts
  9 kobolds
  23 rats
  A butterfly (D:6)
142 creatures vanquished.

Vanquished Creatures (collateral kills)
  2 giant newts (Sewer)
2 creatures vanquished.

Grand Total: 144 creatures vanquished

Notes
Turn   | Place    | Note
--------------------------------------------------------------
     0 | D:1      | Alarkh the Mummy Hunter began the quest for the Orb.
     0 | D:1      | Reached XP level 1. HP: 16/16 MP: 1/1
    39 | D:2      | Reached XP level 2. HP: 17/22 MP: 2/2
   296 | D:2      | Reached skill level 4 in Crossbows
   424 | D:2      | Reached XP level 3. HP: 27/27 MP: 3/3
  1978 | D:3      | Noticed Terence
  1995 | D:3      | Killed Terence
  1995 | D:3      | Reached XP level 4. HP: 31/33 MP: 4/4
  2352 | D:3      | Reached skill level 5 in Crossbows
  3241 | D:3      | Reached XP level 5. HP: 26/38 MP: 5/5
  3509 | D:4      | Noticed an ogre
  3515 | D:4      | Killed an ogre
  3515 | D:4      | Reached skill level 6 in Crossbows
  3515 | D:4      | Reached XP level 6. HP: 43/44 MP: 6/6
  3672 | D:4      | Reached skill level 7 in Crossbows
  3672 | D:4      | Reached XP level 7. HP: 46/50 MP: 7/7
  3964 | D:4      | Found an iron altar of Okawaru.
  3964 | D:4      | Found an ancient bone altar of Kikubaaqudgha.
  3971 | D:4      | Became a worshipper of Warmaster Okawaru
  3994 | D:5      | Entered Level 5 of the Dungeon
  4605 | D:5      | Noticed Crazy Yiuf
  4606 | D:5      | Killed Crazy Yiuf
  4615 | D:5      | Got an ancient mace
  4827 | D:5      | Reached skill level 8 in Crossbows
  5102 | D:5      | Reached * piety under Okawaru
  5669 | D:6      | Reached XP level 8. HP: 35/56 MP: 8/8
  5712 | D:6      | Reached skill level 9 in Crossbows
  5934 | D:6      | Found a glowing drain.
  5996 | Sewer    | Entered a sewer
  6679 | Sewer    | Quit the game

Skill      XL: |  1  2  3  4  5  6  7  8 |
---------------+-------------------------+-----
Crossbows      | 4 5 6 7 8 9 |  9.5
Fighting       | |  2.0
Dodging        | |  1.5
Stealth        | |  0.7

Action                   |  1- 3 |  4- 6 |  7- 9 || total
-------------------------+-------+-------+-------++-------
Melee: Short sword       |    19 |    16 |       ||    35
       Dagger            |       |    42 |    72 ||   114
       Quarterstaff      |       |       |   142 ||   142
 Fire: Hand crossbow     |    92 |    83 |    72 ||   247
  Use: Scroll            |     1 |     3 |     3 ||     7
 Stab: Sleeping          |       |     1 |       ||     1
       Paralysed         |       |       |     2 ||     2
Armor: Leather armour    |    17 |    20 |    74 ||   111
Dodge: Dodged            |    38 |    43 |   174 ||   255
